 Dungeon Crawl Stone Soup version 0.26.1-11-gd32895ea62 (webtiles) character file.

Game seed: 10386945379599671007

272 Almogavar the Conjurer (level 6, -4/32 HPs)
             Began as a Deep Elf Conjurer on May 6, 2021.
             Killed from afar by Ijyb (8 damage)
             ... with a puff of flame
             ... on level 4 of the Dungeon.
             The game lasted 00:09:54 (3495 turns).

Almogavar the Conjurer (Deep Elf Conjurer)          Turns: 3495, Time: 00:09:54

Health: -4/32      AC:  2    Str:  4    XL:     6   Next: 2%
Magic:  10/15      EV: 13    Int: 25    God:
Gold:   126        SH:  0    Dex: 13    Spells: 12/15 levels left

rFire    . . .     SeeInvis .   n - +0 dagger (holy)
rCold    . . .     Faith    .   (no shield)
rNeg     . . .     Spirit   .   a - +0 robe
rPois    .         Reflect  .   (no helmet)
rElec    .         Harm     .   (no cloak)
rCorr    .         Rampage  .   (no gloves)
Will     .....                  (no boots)
Stlth    ++........             g - amulet of the acrobat
HPRegen  0.10/turn              (no ring)
MPRegen  0.14/turn              (no ring)

@: mighty
A: no striking features
a: no special abilities


You were on level 4 of the Dungeon.
You visited 1 branch of the dungeon, and saw 4 of its levels.

You collected 126 gold pieces.

Inventory:

Hand Weapons
 n - a +0 dagger of holy wrath (weapon)
Armour
 a - a +0 robe (worn)
 f - a cursed -1 leather armour
Jewellery
 g - an amulet of the acrobat (around neck)
Wands
 p - a wand of flame (13)
Scrolls
 b - a scroll of magic mapping {unknown}
 c - a scroll of amnesia {unknown}
 i - 3 scrolls of teleportation
 l - a scroll of identify {unknown}
 m - a scroll of fog {unknown}
 o - a scroll of remove curse {unknown}
Potions
 d - 2 potions of might
 e - a potion of flight {unknown}
 h - a potion of haste {unknown}
 j - 2 potions of cancellation {unknown}
 k - 3 potions of curing {unknown}


   Skills:
 + Level 0.6 Short Blades
 + Level 2.9 Dodging
 + Level 3.3 Stealth
 + Level 5.0 Spellcasting
 + Level 6.7 Conjurations


You had 12 spell levels left.
You knew the following spells:

 Your Spells              Type           Power        Failure   Level
a - Magic Dart            Conj           100%         1%          1
b - Searing Ray           Conj           78%          1%          2

Your spell library contained the following spells:

 Spells                   Type           Power        Failure   Level
 Dazzling Flash           Conj/Hex       46%          6%          3
 Fulminant Prism          Conj/Hex       11%          21%         4
 Iskenderun's Mystic Bla  Conj/Tloc      23%          21%         4


Dungeon Overview and Level Annotations

Branches:
Dungeon (4/15)
 Temple: D:4-7

Altars:
Dithmenos
Elyvilon
Kikubaaqudgha
Qazlal
Xom
The Shining One

Annotations:
D:4 Ijyb


Message History

Ijyb is moderately wounded.
Casting: Magic Dart (safe; 1% risk of failure)
Confirm with . or Enter, or press ? or * to list all spells.
You can't see any susceptible monsters within range! (Use Z to cast anyway.)
Casting: Magic Dart (safe; 1% risk of failure)
Confirm with . or Enter, or press ? or * to list all spells.
Aiming: Magic Dart (safe; 1% risk of failure)
Press: ? - help, Shift-Dir - straight line, f/p - Ijyb
Aim: Ijyb, wearing a +0 scale mail and carrying a wand of flame (19) (moderately wounded, 0% to evade)
The magic dart hits Ijyb.
Ijyb is moderately wounded.
Ijyb screams, "I no like you!"
Ijyb zaps a wand.
The puff of flame hits you!
* * * LOW HITPOINT WARNING * * *
Unknown command.
It was a potion of might.
You feel very mighty all of a sudden. Ijyb screams, "I dance on your bones!"
Ijyb zaps a wand.
The puff of flame hits you!
You die...

#...#.........#
...#.........# #
#..#.........# #.
#..##........#
+.(##..##..##....#####
#......'...##....##...
#+###..#..............
##'##........##...
#@.##..##....#####
+....#..##....##...
##...+...#.........
#.g.#...#....##...
#..##...#....##...
#..##...#....#....
........#....#....
.......##....###..
#....# ###


You could see Ijyb.

Vanquished Creatures
  A hound (D:3)
  Natasha (twice) (D:3)
  Terence (D:3)
  4 adders
  6 gnolls
  A dart slug (D:1)
  2 leopard geckos (D:1)
  4 orcs (D:3)
  A ball python (D:2)
  4 giant cockroaches
  7 goblins
  5 hobgoblins
  12 kobolds
  7 bats
  A frilled lizard (D:3)
  11 rats
69 creatures vanquished.

Vanquished Creatures (others)
  An orc (D:4)
1 creature vanquished.

Grand Total: 70 creatures vanquished

Notes
Turn   | Place    | Note
-------+----------+-------------------------------------------
     0 | D:1      | Almogavar the Deep Elf Conjurer began the quest for the
                  | Orb.
     0 | D:1      | Reached XP level 1. HP: 10/10 MP: 6/6
   218 | D:1      | Reached XP level 2. HP: 15/15 MP: 6/8
   221 | D:1      | Learned a level 2 spell: Searing Ray
   242 | D:1      | Reached skill level 5 in Conjurations
   533 | D:1      | Reached XP level 3. HP: 19/19 MP: 6/9
  1010 | D:2      | Found a shadowy altar of Dithmenos.
  1060 | D:2      | Found a faded altar of an unknown god.
  1262 | D:2      | Found a glowing golden altar of the Shining One.
  2012 | D:3      | Found an ancient bone altar of Kikubaaqudgha.
  2026 | D:3      | Reached XP level 4. HP: 24/24 MP: 6/11
  2219 | D:3      | Noticed Terence
  2225 | D:3      | Killed Terence
  2226 | D:3      | Reached skill level 6 in Conjurations
  2348 | D:3      | Reached XP level 5. HP: 28/28 MP: 7/13
  2672 | D:3      | Noticed Natasha
  2682 | D:3      | Killed Natasha
  2918 | D:3      | Found a white marble altar of Elyvilon.
  2976 | D:3      | Reached skill level 5 in Spellcasting
  2981 | D:3      | Noticed Natasha
  3009 | D:3      | Killed Natasha
  3137 | D:3      | Reached XP level 6. HP: 32/32 MP: 11/15
  3202 | D:3      | Found a shimmering altar of Xom.
  3447 | D:4      | Found a stormy altar of Qazlal.
  3487 | D:4      | Noticed Ijyb
  3495 | D:4      | Killed from afar by Ijyb

Illustrated notes

Levels and vault maps discovered:
D:1:      giann_bridges, layout_basic, minmay_misc_feat_encased,
          minmay_statues_item
D:2:      layout_loops_ring, lemuel_doored_altar, general_overflow_altar,
          serial_rivers, chequers_serial_rivers_micro_d,
          chequers_serial_rivers_large_a, chequers_serial_rivers_micro_b,
          chequers_serial_rivers_micro_e, chequers_ecumenical_altar_island
D:3:      layout_basic, nicolae_overflow_crystal_walls, old_standard_altar,
          tgw_xom, uniq_terence, uniq_natasha
D:4:      layout_gridville, overflow_temple_1_default, old_standard_altar,
          temple_pool_b, lemuel_flame_loot_1, uniq_eustachio, uniq_ijyb

Skill      XL: |  1  2  3  4  5 |
---------------+----------------+-----
Conjurations   | 5 6 |  6.7
Spellcasting   | 4 5 |  5.0
Stealth        | 3 |  3.3
Short Blades   | |  0.6
Dodging        | |  2.9

Action                   |  1- 3 |  4- 6 || total
-------------------------+-------+-------++-------
Melee: Dagger            |       |     3 ||     3
 Cast: Magic Dart        |    74 |    62 ||   136
       Searing Ray       |     1 |     8 ||     9
  Use: Scroll            |     1 |       ||     1
       Potion            |       |     1 ||     1
Dodge: Dodged            |     6 |    15 ||    21
